 Dungeon Crawl Stone Soup version 0.29.1-1-gd02db6906a (webtiles) character file.

Game seed: 17306480929148883880

159 raistware the Conjurer (level 5, -5/31 HPs)
             Began as an Octopode Conjurer on Sept 20, 2022.
             Slain by a water moccasin (6 damage)
             ... on level 4 of the Dungeon.
             The game lasted 00:05:14 (3548 turns).

raistware the Conjurer (Octopode Conjurer)          Turns: 3548, Time: 00:05:15

Health: -5/31      AC:  1    Str:  7    XL:     5   Next: 40%
Magic:  11/11      EV: 13    Int: 22    God:
Gold:   173        SH:  0    Dex: 10    Spells: 7/12 levels left

rFire   . . .      SeeInvis .   r - +4 trident
rCold   . . .      Faith    .   (no shield)
rNeg    + . .      Spirit   .   (helmet restricted)
rPois   .          Reflect  .   (no amulet)
rElec   +          Harm     .   k - ring "Mokhuergh" {rElec rN+}
rCorr   .          Rampage  .   (no ring)
Will    .....                   (no ring)
Stlth   +++.......              (no ring)
HPRegen 0.10/turn               (no ring)
MPRegen 0.12/turn               (no ring)
                                (no ring)
                                (no ring)

@: lethally poisoned (-5 -> -12)
A: almost no armour, amphibious, 8 rings, camouflage 1, gelatinous body 1,
(nimble swimmer 1), tentacles
a: no special abilities


You were on level 4 of the Dungeon.
You visited 1 branch of the dungeon, and saw 4 of its levels.

You collected 173 gold pieces.

Inventory:

Hand Weapons
 e - a +2 dagger of flaming
 n - a +0 sling of freezing
 r - a +4 trident (weapon)
Missiles
 b - 2 poisoned darts
Jewellery
 k - the ring "Mokhuergh" (left tentacle) {rElec rN+}
   (You found it on level 2 of the Dungeon)

   [ring of positive energy]

   rElec:     It insulates you from electricity.
   rN:        It protects you from negative energy.
 u - a ring of ice
Scrolls
 c - 3 scrolls of poison {unknown}
 f - 2 scrolls of enchant weapon {unknown}
 i - a scroll of silence {unknown}
 l - 3 scrolls of amnesia {unknown}
 m - a scroll of blinking {unknown}
 o - 2 scrolls of identify {unknown}
 q - 2 scrolls of summoning {unknown}
 s - 2 scrolls of enchant armour {unknown}
Potions
 d - a potion of brilliance {unknown}
 g - 6 potions of curing {unknown}
 h - 2 potions of invisibility {unknown}
 j - 2 potions of flight {unknown}
 p - 2 potions of berserk rage {unknown}
 t - 3 potions of heal wounds {unknown}


   Skills:
 - Level 2.0 Dodging
 + Level 3.1 Stealth
 + Level 4.2 Spellcasting
 + Level 4.2 Conjurations
 - Level 2.0 Translocations


You had 7 spell levels left.
You knew the following spells:

 Your Spells              Type           Power      Damage    Failure   Level
a - Magic Dart            Conj           92%        1d7       1%          1
b - Iskenderun's Mystic   Conj/Tloc      18%        2d6       30%         4

Your spell library contained the following spells:

 Spells                   Type           Power      Damage    Failure   Level
 Searing Ray              Conj           46%        2d6       3%          2
 Dazzling Flash           Conj/Hex       28%        N/A       14%         3
 Summon Guardian Golem    Hex/Summ       4%         N/A       32%         3
 Fulminant Prism          Conj/Hex       7%         3d7       41%         4
 Starburst                Conj/Fire      7%         6d4       100%        6
 Orb of Destruction       Conj           11%        9d6       100%        7
 Spellforged Servitor     Conj/Summ      7%         N/A       100%        7


Dungeon Overview and Level Annotations

Branches:
Dungeon (4/15)
 Temple: D:4-7

Altars:
Dithmenos
Hepliaklqana
Makhleb
Okawaru
Xom
Yredelemnul

Annotations:
D:4 Eustachio


Innate Abilities, Weirdness & Mutations

You cannot wear most types of armour.
You are amphibious.
You can wear up to eight rings at the same time.
Your skin changes colour to match your surroundings (Stealth+).
Your rubbery body absorbs attacks. (AC +1, EV +1)
((You are camouflaged when in or above water. (Stealth+)))
You have tentacles for arms and can constrict up to eight enemies at once.


Message History

The adder is severely wounded.
The adder is knocked back by the mystic blast.
The mystic blast hits the water moccasin.
The water moccasin is heavily wounded.
The water moccasin is knocked back by the mystic blast.
The mystic blast hits the iguana!
You kill the iguana!
You feel sick.
Your Stealth skill increases to level 3!
Unknown command.
Your +2 dagger of flaming stops flaming.
r - a +4 trident (weapon)
You feel sick.
You are too injured to fight recklessly!
Reach: r) +4 trident
Press: ? - help, Dir - move target, f/p - water moccasin
Aim: a water moccasin (heavily wounded, about 60% to evade your +4 trident)
You reach to attack!
You closely miss the water moccasin.
The water moccasin is heavily wounded.
You feel sick.
You are no longer poisoned.
The water moccasin bites you!
* * * LOW HITPOINT WARNING * * *
You are lethally poisoned!
The water moccasin poisons you!
Casting: Iskenderun's Mystic Blast (extremely dangerous; 30% risk of failure)
Confirm with . or Enter, or press ? or * to list all spells.
The spell is extremely dangerous to miscast (30% risk of failure)!
Continue anyway?
You erupt in a blast of force!
The mystic blast hits the adder!
You kill the adder!
The mystic blast hits the water moccasin!
The water moccasin is severely wounded.
The water moccasin is knocked back by the mystic blast.
* * * LOW HITPOINT WARNING * * *
You feel very sick.
Unknown command.
Magic courses through your body.
* * * LOW HITPOINT WARNING * * *
You feel sick. The water moccasin bites you.
You die...

##.## #...#
#...######
#........#
#####...####.#
#####............##
...................
...##............#.
...######...####@#
...# #.......S#
...#
#...####.......#
.### #...#
#.#..#..# ># ##.##
..#..... .# #. ...
?.... ## #. ....
#.... #. ...†. ....
....^. #..


You could see a water moccasin.

Vanquished Creatures
  2 iguanas (D:4)
  3 adders
  3 worms (D:2)
  5 dart slugs
  An orc (D:3)
  4 ball pythons
  8 endoplasms
  4 giant cockroaches
  2 hobgoblins
  4 kobolds
  5 quokkas
  3 bats (D:1)
  5 frilled lizards
  8 goblins
  4 rats (D:1)
61 creatures vanquished.

Notes
Turn   | Place    | Note
-------+----------+-------------------------------------------
     0 | D:1      | raistware the Octopode Conjurer began the quest for the
                  | Orb.
     0 | D:1      | Reached XP level 1. HP: 11/11 MP: 3/3
   365 | D:1      | Reached XP level 2. HP: 6/17 MP: 0/5
  1050 | D:1      | Found a faded altar of an unknown god.
  1218 | D:1      | Reached XP level 3. HP: 18/21 MP: 2/7
  1526 | D:2      | Identified the ring "Mokhuergh" {rElec rN+}
  1534 | D:2      | Identified the +8 spear "Isistroir" {holy, rElec rN+++
                  | Int-5 Stlth+}
  1837 | D:2      | Found a hazy altar of Hepliaklqana.
  2199 | D:2      | Reached XP level 4. HP: 27/27 MP: 2/9
  2204 | D:2      | Learned a level 4 spell: Iskenderun's Mystic Blast
  2664 | D:3      | Reached skill level 1 in Translocations
  2688 | D:3      | Found a shimmering altar of Xom.
  3235 | D:3      | Found an iron altar of Okawaru.
  3324 | D:4      | Noticed Eustachio
  3379 | D:4      | Reached XP level 5. HP: 31/31 MP: 11/11
  3450 | D:4      | Found a shadowy altar of Dithmenos.
  3479 | D:4      | Found a burning altar of Makhleb.
  3480 | D:4      | Found a basalt altar of Yredelemnul.
  3534 | D:4      | Noticed a water moccasin
  3548 | D:4      | HP: 1/31 [poisoned by a water moccasin]
  3548 | D:4      | Slain by a water moccasin

Illustrated notes

Levels and vault maps discovered:
D:1:      nagdon_arrival_double_spiral, layout_loops_ring,
          chequers_ecumenical_altar_twisty
D:2:      layout_loops_ring, basic_altar
D:3:      layout_basic, mainiacjoe_overflow_catwalk,
          mainiacjoe_overflow_alcove_2
D:4:      layout_loops_cross, minitemple, temple_hall, uniq_eustachio

Skill      XL: |  1  2  3  4  5 |
---------------+----------------+-----
Spellcasting   | 3 4 |  4.2
Translocations | 2 |  2.0
Stealth        | 3 |  3.1
Dodging        | |  2.0
Conjurations   | |  4.2

Action                   |  1- 3 |  4- 6 || total
-------------------------+-------+-------++-------
Melee: Unarmed           |     7 |       ||     7
       Tentacles         |     2 |     3 ||     5
       Constrict         |     1 |       ||     1
       Dagger            |     2 |     4 ||     6
       Trident           |       |     1 ||     1
Throw: Dart              |     4 |       ||     4
 Cast: Magic Dart        |    87 |    37 ||   124
       Iskenderun's Myst |       |     3 ||     3
  Use: Potion            |       |     2 ||     2
 Stab: Sleeping          |     1 |     1 ||     2
Armor: Skin              |     4 |     1 ||     5
Dodge: Dodged            |     5 |     6 ||    11
